 Dungeon Crawl Stone Soup version 0.26-a0-1181-gd376ed14c5 (webtiles) character file.

Game seed: 10475988936520432453

79 runemasterragnar the Vexing (level 4, 0/26 HPs)
             Began as a Kobold Arcane Marksman on Dec 26, 2020.
             Slain by an orc
             ... wielding a +0 trident
              (4 damage)
             ... on level 3 of the Dungeon.
             The game lasted 00:03:52 (2253 turns).

runemasterragnar the Vexing (KoAM)                  Turns: 2253, Time: 00:03:53

Health: 0/26       AC:  4    Str:  8    XL:     4   Next: 62%
Magic:  6/7        EV: 15    Int: 14    God:
Gold:   102        SH:  0    Dex: 15    Spells: 1/7 levels left

rFire    . . .     SeeInvis .   g - +0 dagger
rCold    . . .     Faith    .   (shield restricted)
rNeg     . . .     Spirit   .   l - +0 leather armour
rPois    .         Reflect  .   (no helmet)
rElec    .         Harm     .   (no cloak)
rCorr    .         Rampage  .   m - +0 pair of gloves
Will     .....                  (no boots)
Stlth    ++........             (no amulet)
HPRegen  0.08/turn              (no ring)
MPRegen  0.10/turn              (no ring)

@: no status effects
A: small, nightstalker 3
a: no special abilities


You were on level 3 of the Dungeon.
You visited 1 branch of the dungeon, and saw 3 of its levels.

You collected 102 gold pieces.

Inventory:

Hand Weapons
 a - a +0 hand crossbow
 g - a +0 dagger (weapon)
Missiles
 d - 17 bolts
Armour
 e - a +0 robe
 l - a +0 leather armour (worn)
 m - a +0 pair of gloves (worn)
Jewellery
 p - an uncursed amulet of faith
Scrolls
 b - a scroll of fear {unknown}
 h - a scroll of remove curse {unknown}
 i - a scroll of blinking {unknown}
 j - a scroll of teleportation {unknown}
Potions
 f - 3 potions of curing
 k - 2 potions of magic
 n - a potion of heal wounds
 o - a potion of mutation {unknown}


   Skills:
 + Level 2.1 Fighting
 + Level 3.1 Crossbows
 + Level 3.2 Dodging
 + Level 2.0 Spellcasting
 + Level 3.5 Hexes
 + Level 0.1 Translocations


You had one spell level left.
You knew the following spells:

 Your Spells              Type           Power        Failure   Level
a - Corona                Hex            12%          9%          1
b - Slow                  Hex            11%          12%         2
c - Portal Projectile     Hex/Tloc       12%          45%         3

Your spell library contained the following spells:

 Spells                   Type           Power        Failure   Level
 Inner Flame              Hex/Fire       6%           45%         3
 Cause Fear               Hex            5%           63%         4
 Leda's Liquefaction      Hex/Erth       3%           86%         4


Dungeon Overview and Level Annotations

Branches:
Dungeon (3/15)

Altars:

Annotations:
D:2 1 runed translucent door, Crazy Yiuf


Innate Abilities, Weirdness & Mutations

You are small and have problems with some larger weapons.
You are completely attuned to the shadows.


Message History

Press: ? - help, Shift-Dir - straight line, f - orc
Aim: an orc, wielding a +0 trident and wearing a +0 chain mail (moderately wounded, chance to affect: 64%)
The orc is outlined in light.
The orc closely misses you.
You hit the orc but do no damage.
The orc is moderately wounded.
The orc completely misses you.
You hit the orc but do no damage.
The orc is moderately wounded.
The orc barely misses you.
You hit the orc but do no damage.
The orc is moderately wounded.
The orc hits you with a +0 trident!
* * * LOW HITPOINT WARNING * * *
You hit the orc but do no damage.
The orc is lightly wounded.
The orc hits you but does no damage.
You hit the orc but do no damage.
The orc is lightly wounded.
The orc hits you with a +0 trident.
You die...

#.#.# #.#.#
############'#.#
#..............#
#..............#
#..............##
#...............
#.............#######
#.............'.@....
#............(##o....
################.....
#..... #..... #.....


You could see an orc (corona).

Vanquished Creatures
  A worker ant (D:2)
  2 adders (D:2)
  2 worms (D:2)
  A dart slug (D:1)
  A giant cockroach (D:3)
  3 hobgoblins
  5 kobolds
  A quokka (D:2)
  4 bats
  5 frilled lizards
  3 goblins
  5 rats
33 creatures vanquished.

Notes
Turn   | Place    | Note
-------+----------+-------------------------------------------
     0 | D:1      | runemasterragnar the Kobold Arcane Marksman began the quest
                  | for the Orb.
     0 | D:1      | Reached XP level 1. HP: 12/12 MP: 2/2
    46 | D:1      | Reached XP level 2. HP: 16/16 MP: 3/3
   511 | D:2      | Reached XP level 3. HP: 11/21 MP: 2/5
   761 | D:2      | Found a runed translucent door.
   764 | D:2      | Noticed Crazy Yiuf
  1684 | D:2      | Reached XP level 4. HP: 14/26 MP: 4/6
  1687 | D:2      | Learned a level 2 spell: Slow
  1691 | D:2      | Learned a level 3 spell: Portal Projectile
  2253 | D:3      | Slain by an orc

Illustrated notes

Levels and vault maps discovered:
D:1:      dpeg_arrival_fog, layout_basic, chequers_serial_rivers_marsh
D:2:      layout_basic, uniq_crazy_yiuf_cottage
D:3:      layout_basic

Skill      XL: |  1  2  3  4 |
---------------+-------------+-----
Dodging        | 3 |  3.2
Crossbows      | 3 |  3.1
Fighting       | 2 |  2.1
Spellcasting   | 2 |  2.0
Hexes          | |  3.5
Translocations | |  0.1

Action                   |  1- 3 |  4- 6 || total
-------------------------+-------+-------++-------
Melee: Dagger            |    28 |    40 ||    68
 Fire: Hand crossbow     |    70 |     6 ||    76
 Cast: Corona            |    16 |     3 ||    19
  Use: Potion            |     1 |       ||     1
       Scroll            |       |     3 ||     3
Armor: Robe              |     9 |       ||     9
       Leather armour    |     6 |     5 ||    11
Dodge: Dodged            |    51 |    35 ||    86

Table legend: (Time is in decaauts)
 A = Elapsed time spent in this place.
 B = Non-inter-level travel time spent in this place.
 C = Inter-level travel time spent in this place.
 D = Time resting spent in this place.
 E = Time spent auto-exploring this place.
 F = Levels seen in this place.
 G = Mean time per level.
                   A        B        C        D        E       F      G
               +--------+--------+--------+--------+--------+-----+--------+
         Total |   2278 |   2259 |     19 |     32 |   1827 |   3 |  759.3 |
       Dungeon |   2278 |   2259 |     19 |     32 |   1827 |   3 |  759.3 |
               +--------+--------+--------+--------+--------+-----+--------+

Top non-repeatable levels by time:
     D:2: 1585 daAuts
     D:1: 508 daAuts
     D:3: 185 daAuts
